 Dungeon Crawl Stone Soup version 0.31-a0-214-gb37851dbb3 (webtiles) character file.

Game seed: 6100284890606345054

1122 qw the Skirmisher (level 8, 0/68 HPs)
             Began as a Minotaur Hexslinger on July 1, 2023.
             Was an Initiate of Okawaru.
             Slain by Pikel
             ... wielding a +0 whip of electrocution
              (13 damage)
             ... on level 6 of the Dungeon.
             The game lasted 00:02:05 (5271 turns).

qw the Skirmisher (Minotaur Hexslinger)             Turns: 5271, Time: 00:02:06

Health: 0/68       AC: 11    Str: 14    XL:     8   Next: 12%
Magic:  8/8        EV: 11    Int: 10    God:    Okawaru [......]
Gold:   86         SH:  0    Dex: 14    Spells: 8/9 levels left

rFire   . . .        Y - +3 sling
rCold   . . .        (no shield)
rNeg    . . .        d - +0 ring mail
rPois   .            l - +2 hat
rElec   .            (no cloak)
rCorr   .            j - +2 pair of gloves
SInv    .            g - +0 pair of boots
Will    .....        (no amulet)
Stlth   +            (no ring)
HPRegen 0.31/turn    (no ring)
MPRegen 0.11/turn

%: no passive effects
@: about to teleport
A: horns 2, retaliatory headbutt
a: Renounce Religion


You were on level 6 of the Dungeon.
You worshipped Okawaru.
Okawaru was noncommittal.
You visited 1 branch of the dungeon, and saw 6 of its levels.

You collected 224 gold pieces.
You spent 138 gold pieces at shops.


Innate Abilities, Weirdness & Mutations

You have a pair of horns on your head.
You reflexively headbutt those who attack you in melee.


   Skills:
 - Level 5.2 Fighting
 + Level 8.8 Ranged Weapons
 - Level 2.1 Armour
 - Level 2.1 Dodging
 - Level 1.0 Spellcasting
 - Level 2.0 Hexes
 - Level 2.5 Invocations


You had 8 spell levels left.
You knew the following spells:

 Your Spells              Type           Power      Damage    Failure   Level
a - Slow                  Hex            16%        N/A       30%         1

Your spell library contained the following spells:

 Spells                   Type           Power      Damage    Failure   Level
 Inner Flame              Hex/Fire       2%         N/A       80%         3
 Portal Projectile        Hex/Tloc       4%         N/A       80%         3
 Cause Fear               Hex            2%         N/A       96%         4

Inventory:

Hand Weapons
 Y - a +3 sling (weapon)
Armour
 d - a +0 ring mail (worn)
 g - a +0 pair of boots (worn)
 j - a +2 pair of gloves (worn)
 l - a +2 hat (worn)
Jewellery
 f - a ring of fire
Scrolls
 b - 2 scrolls of identify
Potions
 a - a potion of haste
 c - a potion of heal wounds
 e - 2 potions of curing
 h - 2 potions of might

Dungeon Overview and Level Annotations

Branches:
Dungeon (6/15)
 Temple: D:4-7

Altars:
Fedhas
Kikubaaqudgha
Makhleb
Nemelex Xobeh
Okawaru
Sif Muna
Xom
Zin

Shops:
D:4 ?   D:5 ?:

Annotations:
D:3 1 runed translucent door, qw's ghost, amateur MiHs
D:6 Pikel


Message History

The lemure hits you but does no damage. x2
You shoot a sling bullet. The sling bullet hits the lemure.
The lemure is almost dead.
The lemure hits you. The lemure barely misses you.
You shoot a sling bullet. The sling bullet hits the lemure.
You kill the lemure!
That felt strangely unrewarding.
The lemure hits you.
You shoot a sling bullet.
The sling bullet hits the lemure but does no damage.
The lemure is lightly wounded.
You shoot a sling bullet. The sling bullet hits the lemure.
The lemure is moderately wounded.
The lemure misses you.
You shoot a sling bullet.
The sling bullet closely misses the lemure.
You feel like a meek peon again. The lemure hits you.
You shoot a sling bullet. The sling bullet hits the lemure.
The lemure is moderately wounded.
The lemure hits you!
A sleepcap comes into view.
You shoot a sling bullet.
The sling bullet closely misses the lemure.
The lemure hits you.
You shoot a sling bullet. The sling bullet hits the lemure.
The lemure is heavily wounded.
The lemure hits you.
You shoot a sling bullet. The sling bullet hits the lemure.
The lemure is severely wounded.
The lemure hits you.
You shoot a sling bullet. The sling bullet hits the lemure.
The lemure is severely wounded.
Pikel hits you with a +0 whip of electrocution.
You are electrocuted!
The lemure closely misses you.
5271 ||| READING scroll of teleportation.
As you read the scroll of teleportation, it crumbles to dust.
You feel strangely unstable. The lemure hits you.
Pikel hits you but does no damage.
You are electrocuted!
You die...

##..## #...##
... #....##
##..
#.####.##
#..# ...
##.## #..#
#.. ##.##
#..# #..
#..###..# ..
#.......#
#...#.@K#
.[...####.5f#
#...###
#.....# ####
.........
..####...
..## .. #. #
#.


You could see Pikel, a lemure and a sleepcap.

Vanquished Creatures
  An ice beast (D:5)
  2 black bears
  An ogre (D:3)
  2 lemures (D:6)
  2 scorpions (D:5)
  2 howler monkeys
  A hound (D:5)
  A jelly (D:4)
  4 sleepcaps
  A gnoll bouda (D:5)
  Natasha (twice) (D:3)
  2 iguanas
  2 orc wizards (D:5)
  5 gnolls (D:5)
  8 adders
  2 worms (D:5)
  A dart slug (D:3)
  11 orcs
  5 endoplasms
  3 giant cockroaches
  8 goblins
  6 hobgoblins
  7 jackals (D:3)
  2 quokkas
  10 ball pythons
  9 bats
  6 frilled lizards
  9 kobolds
  5 rats
120 creatures vanquished.

Notes
Turn   | Place    | Note
-------+----------+-------------------------------------------
     0 | D:1      | qw the Minotaur Hexslinger began the quest for the Orb.
     0 | D:1      | Reached XP level 1. HP: 16/16 MP: 1/1
     0 | D:1      | 0 ||| qw: Version: 0.3-a-32-g5962c71
     0 | D:1      | 0 ||| qw: Game counter: 7688
     0 | D:1      | 0 ||| qw: Melee chars always use a shield: true
     0 | D:1      | 0 ||| qw: God list: Okawaru
     0 | D:1      | 0 ||| qw: Allow faded altars: false
     0 | D:1      | 0 ||| qw: Do Orc after clearing Dungeon:15 true
     0 | D:1      | 0 ||| qw: Do second Lair branch before Depths: true
     0 | D:1      | 0 ||| qw: Lair rune preference: random
     0 | D:1      | 0 ||| qw: Goals: Normal
     0 | D:1      | 0 ||| PLANNING D:1-11
   157 | D:1      | Reached skill level 3 in Ranged Weapons
   279 | D:1      | Reached XP level 2. HP: 23/23 MP: 2/2
   794 | D:1      | 794 ||| UPGRADING to +0 ring mail.
   804 | D:1      | 804 ||| DROPPING +0 robe.
   805 | D:1      | 805 ||| READING scroll labelled BOAHEA JEMUN.
   851 | D:1      | 851 ||| READING scroll labelled NIJETE COVONEI.
   852 | D:1      | 852 ||| DROPPING scroll of poison.
   893 | D:2      | Reached XP level 3. HP: 28/29 MP: 3/3
  1120 | D:2      | Reached skill level 4 in Ranged Weapons
  1135 | D:2      | Reached skill level 1 in Armour
  1200 | D:2      | Found a faded altar of an unknown god.
  1300 | D:2      | Reached XP level 4. HP: 21/36 MP: 4/4
  1607 | D:2      | 1607 ||| UPGRADING to +0 pair of boots.
  1612 | D:2      | 1612 ||| READING scroll labelled MUFFUV OLAY.
  1613 | D:2      | 1613 ||| READING scroll labelled FELAMAMELE.
  1614 | D:2      | 1614 ||| READING scroll labelled NYNLANTAIS.
  1636 | D:3      | Found a runed translucent door.
  1636 | D:3      | Noticed qw's ghost (amateur MiHs)
  1735 | D:3      | Noticed an ogre
  1741 | D:3      | HP: 3/36 [ogre/+0 giant spiked club (14)]
  1743 | D:3      | Killed an ogre
  1744 | D:3      | Reached skill level 5 in Ranged Weapons
  1744 | D:3      | Reached XP level 5. HP: 4/41 MP: 5/5
  1803 | D:3      | 1803 ||| FLEEEEING.
  1856 | D:3      | 1856 ||| FLEEEEING.
  1857 | D:3      | 1857 ||| FLEEEEING.
  1922 | D:3      | 1922 ||| FLEEEEING.
  1923 | D:3      | 1923 ||| FLEEEEING.
  1924 | D:3      | 1924 ||| FLEEEEING.
  1928 | D:3      | 1928 ||| FLEEEEING.
  1929 | D:3      | 1929 ||| FLEEEEING.
  1930 | D:3      | 1930 ||| FLEEEEING.
  1931 | D:3      | 1931 ||| FLEEEEING.
  1932 | D:3      | 1932 ||| FLEEEEING.
  1938 | D:3      | 1938 ||| FLEEEEING.
  1939 | D:3      | 1939 ||| FLEEEEING.
  1945 | D:3      | 1945 ||| FLEEEEING.
  1946 | D:3      | 1946 ||| FLEEEEING.
  1947 | D:3      | 1947 ||| FLEEEEING.
  1948 | D:3      | 1948 ||| FLEEEEING.
  1949 | D:3      | 1949 ||| FLEEEEING.
  1950 | D:3      | 1950 ||| FLEEEEING.
  1951 | D:3      | 1951 ||| FLEEEEING.
  1952 | D:3      | 1952 ||| FLEEEEING.
  1953 | D:3      | 1953 ||| FLEEEEING.
  2233 | D:3      | Found a sparkling altar of Nemelex Xobeh.
  2233 | D:3      | Found a glowing silver altar of Zin.
  2238 | D:3      | Found a shimmering blue altar of Sif Muna.
  2239 | D:3      | Found an iron altar of Okawaru.
  2240 | D:3      | 2240 ||| PLANNING OKAWARU WORSHIP
  2244 | D:3      | 2244 ||| UPGRADING to +1 pair of gloves.
  2257 | D:3      | 2257 ||| READING 2 scrolls labelled FAS PIPOINK.
  2258 | D:3      | 2258 ||| READING scroll labelled SOBRIUM IVECI.
  2259 | D:3      | 2259 ||| READING scroll labelled XOALOR LA KAF.
  2260 | D:3      | 2260 ||| READING 2 scrolls labelled ITRUON ATWOGASHRA.
  2290 | D:3      | Noticed Natasha
  2304 | D:3      | Killed Natasha
  2305 | D:3      | Reached skill level 3 in Fighting
  2417 | D:3      | Found a burning altar of Makhleb.
  2418 | D:3      | Found an ancient bone altar of Kikubaaqudgha.
  2420 | D:3      | Became a worshipper of Warmaster Okawaru
  2421 | D:3      | 2421 ||| PLANNING D:1-11
  2422 | D:3      | Found a blossoming altar of Fedhas.
  2426 | D:3      | Found a shimmering altar of Xom.
  2677 | D:3      | Noticed Natasha
  2681 | D:3      | Killed Natasha
  2682 | D:3      | Reached skill level 6 in Ranged Weapons
  2844 | D:3      | 2844 ||| DRINKING 3 black potions.
  2845 | D:3      | 2845 ||| READING 2 scrolls of identify.
  2845 | D:3      | 2845 ||| IDENTIFYING bubbling purple potion
  2897 | D:4      | Reached XP level 6. HP: 43/52 MP: 6/6
  2967 | D:4      | HP: 13/52 [orc/+0 morningstar (3)]
  2968 | D:4      | 2968 ||| READING 2 scrolls of teleportation.
  2969 | D:4      | HP: 5/52 [orc/+0 morningstar (9)]
  2970 | D:4      | 2970 ||| DRINKING potion of heal wounds.
  3071 | D:4      | 3071 ||| READING scroll of enchant armour.
  3071 | D:4      | 3071 ||| ENCHANTING +1 pair of gloves.
  3152 | D:4      | Reached skill level 7 in Ranged Weapons
  3550 | D:4      | Found Xekkasaape's Magic Scroll Emporium.
  3560 | D:4      | 3560 ||| BUYING scroll of enchant weapon (90 gold).
  3560 | D:4      | Bought a scroll of enchant weapon for 90 gold pieces
  3560 | D:4      | 3560 ||| BUYING scroll of identify (24 gold).
  3560 | D:4      | Bought a scroll of identify for 24 gold pieces
  3560 | D:4      | 3560 ||| BUYING scroll of identify (24 gold).
  3560 | D:4      | Bought a scroll of identify for 24 gold pieces
  3560 | D:4      | 3560 ||| SHOPLISTING scroll of identify (24 gold, have 7).
  3560 | D:4      | 3560 ||| SHOPLISTING scroll of teleportation (36 gold, have
                  | 7).
  3560 | D:4      | 3560 ||| READING scroll of enchant weapon.
  3560 | D:4      | 3560 ||| ENCHANTING +2 sling.
  3583 | D:4      | 3583 ||| READING scroll labelled NACRIJALUR.
  3584 | D:4      | 3584 ||| READING 3 scrolls of identify.
  3584 | D:4      | 3584 ||| IDENTIFYING smoky dark potion
  3604 | D:5      | Entered Level 5 of the Dungeon
  3633 | D:5      | Reached XP level 7. HP: 34/59 MP: 7/7
  3725 | D:5      | Found Nialits's Magic Scroll Shop.
  3733 | D:5      | 3733 ||| SHOPLISTING scroll of identify (28 gold, have 7).
  3733 | D:5      | 3733 ||| SHOPLISTING scroll of teleportation (42 gold, have
                  | 7).
  3747 | D:5      | Reached * piety under Okawaru
  3773 | D:5      | Reached skill level 1 in Invocations
  4123 | D:5      | 4123 ||| INVOKING Heroism.
  4130 | D:5      | Reached skill level 8 in Ranged Weapons
  4141 | D:5      | 4141 ||| FLEEEEING.
  4143 | D:5      | 4143 ||| STAIRDANCE
  4146 | D:4      | 4146 ||| FLEEEEING.
  4147 | D:4      | 4147 ||| FLEEEEING.
  4148 | D:4      | 4148 ||| FLEEEEING.
  4150 | D:4      | 4150 ||| FLEEEEING.
  4151 | D:4      | 4151 ||| FLEEEEING.
  4152 | D:4      | 4152 ||| FLEEEEING.
  4153 | D:4      | 4153 ||| FLEEEEING.
  4154 | D:4      | 4154 ||| FLEEEEING.
  4155 | D:4      | 4155 ||| FLEEEEING.
  4156 | D:4      | 4156 ||| FLEEEEING.
  4163 | D:4      | 4163 ||| FLEEEEING.
  4164 | D:4      | 4164 ||| FLEEEEING.
  4165 | D:4      | 4165 ||| FLEEEEING.
  4166 | D:4      | 4166 ||| FLEEEEING.
  4167 | D:4      | 4167 ||| FLEEEEING.
  4168 | D:4      | 4168 ||| FLEEEEING.
  4175 | D:4      | 4175 ||| FLEEEEING.
  4180 | D:4      | 4180 ||| FLEEEEING.
  4181 | D:4      | 4181 ||| FLEEEEING.
  4182 | D:4      | 4182 ||| FLEEEEING.
  4183 | D:4      | 4183 ||| FLEEEEING.
  4184 | D:4      | 4184 ||| FLEEEEING.
  4185 | D:4      | 4185 ||| FLEEEEING.
  4187 | D:4      | 4187 ||| STAIRDANCE
  4217 | D:3      | 4217 ||| READING 2 scrolls of identify.
  4217 | D:3      | 4217 ||| IDENTIFYING fuming puce potion
  4319 | D:5      | 4319 ||| INVOKING Heroism.
  4320 | D:5      | 4320 ||| Stepping ~*~*~tactically~*~*~ (outnumbered).
  4337 | D:5      | HP: 11/60 [gnoll/+0 spear[a gnoll bouda] (8)]
  4338 | D:5      | 4338 ||| READING 2 scrolls of teleportation.
  4339 | D:5      | 4339 ||| DRINKING 2 potions of heal wounds.
  4533 | D:5      | 4533 ||| INVOKING Heroism.
  4548 | D:5      | 4548 ||| INVOKING Heroism.
  4549 | D:5      | Reached XP level 8. HP: 21/68 MP: 4/8
  4992 | D:5      | Found Lorenk's Tremendous Tomes.
  5169 | D:5      | 5169 ||| UPGRADING to +2 hat.
  5174 | D:5      | 5174 ||| READING scroll labelled COWOCW WOITA.
  5239 | D:6      | Noticed Pikel
  5240 | D:6      | 5240 ||| INVOKING Heroism.
  5270 | D:6      | HP: 14/68 [Pikel/+0 whip of electrocution (8)]
  5271 | D:6      | 5271 ||| READING scroll of teleportation.
  5271 | D:6      | Slain by Pikel

Levels and vault maps discovered:
D:1:      dpeg_arrival_lava_temple_mockup, layout_basic
D:2:      layout_loops_ring, nicolae_ecumenical_snake_handling, hex_tiny
D:3:      layout_basic, nicolae_overflow_hallway_of_the_gods,
          gammafunk_ghost_grave, minmay_fractal_squares_5, uniq_natasha
D:4:      layout_loops_ring, serial_shops, nicolae_lakefront_shop
D:5:      layout_loops_cross, serial_bayou, serial_bayou_ford_a,
          serial_bayou_pond_c, serial_bayou_pond_a, serial_bayou_pond_e,
          serial_shops, shop, nicolae_shop_i_like_big_books, hellmonk_no_cap
D:6:      layout_layer_cave, minmay_temple_entry_tees, uniq_pikel

Skill      XL: |  1  2  3  4  5  6  7 |
---------------+----------------------+-----
Ranged Weapons | 3 4 5 6 7 8 |  8.8
Fighting       | 2 3 4 5 |  5.2
Armour         | 1 2 |  2.1
Invocations    | 2 |  2.5
Dodging        | |  2.1
Spellcasting   | |  1.0
Hexes          | |  2.0

Action                     |  1- 3 |  4- 6 |  7- 9 || total
---------------------------+-------+-------+-------++-------
   Fire: Sling             |   118 |   179 |   155 ||   452
 Invoke: Heroism           |       |       |     5 ||     5
    Use: Scroll            |     2 |    13 |     4 ||    19
         Potion            |       |     2 |     1 ||     3
 Armour: Robe              |     4 |       |       ||     4
         Ring mail         |    18 |    43 |    46 ||   107
  Dodge: Dodged            |    36 |    76 |    75 ||   187

Table legend:
 A = Non-vault XP
 B = Vault XP
 C = Vault XP percentage of total XP
 D = Non-vault monster count
 E = Vault monster count
 F = Vault count percentage of total count
                 A         B        C        D         E       F
            +---------+---------+-------+---------+---------+-------
      Total |    1328 |     275 |  17.2 |     103 |      15 |  12.7
            +---------+---------+-------+---------+---------+-------
        D:1 |      39 |       0 |   0.0 |      24 |       0 |   0.0
        D:2 |      59 |      17 |  22.4 |      17 |       4 |  19.0
        D:3 |     199 |      45 |  18.4 |      23 |       7 |  23.3
        D:4 |     309 |       0 |   0.0 |      20 |       0 |   0.0
        D:5 |     667 |     213 |  24.2 |      18 |       4 |  18.2
        D:6 |      55 |       0 |   0.0 |       1 |       0 |   0.0
            +---------+---------+-------+---------+---------+-------
